 Dungeon Crawl Stone Soup version 0.24.0-123-gd5b16e6ec5 (webtiles) character file.

Game seed: 1092680150193797976, levelgen mode: deterministic

91912 McKennaii the Bludgeoner (level 15, -2/148 HPs)
             Began as a Troll Monk on Dec 22, 2019.
             Was the Champion of Okawaru.
             Succumbed to an orc warlord's poison
             ... on level 1 of the Orcish Mines.
             The game lasted 01:10:15 (23601 turns).

McKennaii the Bludgeoner (Troll Monk)              Turns: 23601, Time: 01:10:16

Health: -2/148     AC: 18    Str: 28    XL:     15   Next: 56%
Magic:  2/32       EV: 12    Int:  6    God:    Okawaru [******]
Gold:   1688       SH:  0    Dex: 16    Spells: 14/14 levels left

rFire    + + .     SeeInvis +   Y - +4 giant spiked club of Valour {crush, *Contam MR++ Str+4 SInv}
rCold    + + .     Gourm    +   (shield currently unavailable)
rNeg     + + +     Faith    .   s - +0 ice dragon scales
rPois    .         Spirit   +   V - +2 hat {MR+}
rElec    .         Reflect  .   C - scarf {Spirit}
rCorr    .         Harm     .   (gloves unavailable)
MR       +++..                  (boots unavailable)
Stlth    ..........             A - amulet of magic regeneration
HPRegen  0.74/turn              S - ring of magical power
MPRegen  0.48/turn              p - ring of the Failed Coup {*Drain rF+++ rN+++ MR- MP+9}

@: lethally poisoned (-2 -> -25), very slightly contaminated
A: large, unfitting armour, claws 3, fast metabolism 3, gourmand, regeneration
1, shaggy fur 1, tough skin 3
a: Heroism, Finesse, Renounce Religion


You were on level 1 of the Orcish Mines.
You worshipped Okawaru.
Okawaru was exalted by your worship.
You were very full.

You visited 4 branches of the dungeon, and saw 24 of its levels.

You collected 2081 gold pieces.
You spent 393 gold pieces at shops.

Inventory:

Hand Weapons
 Y - the +4 giant spiked club of Valour (weapon) {crush, *Contam MR++ Str+4 SInv}
   (Okawaru gifted it to you on level 4 of the Lair of Beasts)

   It inflicts extra damage upon your enemies.
   It affects your strength (+4).
   It affects your resistance to hostile enchantments.
   It lets you see invisible.
   It causes magical contamination when unequipped.
Missiles
 L - 7 javelins (quivered)
 X - 11 silver javelins
Armour
 s - +0 ice dragon scales (worn)
 C - a scarf of spirit shield (worn)
 V - a +2 hat of magic resistance (worn)
Jewellery
 h - an uncursed ring of protection from cold
 j - an uncursed ring of poison resistance
 p - the ring of the Failed Coup (right claw) {*Drain rF+++ rN+++ MR- MP+9}
   (You acquired it on level 11 of the Dungeon)

   [ring of magical power]

   It renders you almost immune to fire.
   It renders you almost immune to negative energy.
   It affects your resistance to hostile enchantments.
   It affects your magic capacity (+9).
   It causes draining when unequipped.
 q - an uncursed ring of resist corrosion
 A - an amulet of magic regeneration (around neck)
 E - an uncursed ring of positive energy
 S - a ring of magical power (left claw)
Wands
 w - a wand of disintegration (24)
 x - a wand of iceblast (11)
 F - a wand of digging (4)
 G - a wand of acid (8)
 H - a wand of enslavement (22)
 M - a wand of flame (36)
 N - a wand of random effects (29)
 P - a wand of paralysis (4)
 U - a wand of polymorph (6)
Scrolls
 a - 3 scrolls of magic mapping
 e - 3 scrolls of fog
 g - 11 scrolls of remove curse
 i - 10 scrolls of immolation
 k - 4 scrolls of teleportation
 l - 2 scrolls of amnesia
 m - 2 scrolls of summoning
 r - 3 scrolls of fear
 u - 6 scrolls of enchant armour
 y - a scroll of blinking
 I - 5 scrolls of enchant weapon
 O - a scroll of identify
 T - a scroll of holy word {unknown}
Potions
 b - 3 potions of berserk rage
 d - a potion of heal wounds
 f - 2 potions of cancellation
 n - 3 potions of might
 o - 3 potions of ambrosia
 t - 8 potions of brilliance
 v - 2 potions of resistance {unknown}
 z - 2 potions of invisibility
 B - a potion of magic
 D - 11 potions of curing
 J - a potion of mutation {unknown}
 K - 2 potions of flight {unknown}
 Q - a potion of degeneration {unknown}
 Z - a potion of agility
Comestibles
 c - 45 rations


   Skills:
 + Level 9.5 Fighting
 * Level 19.2 Maces & Flails
 + Level 5.2 Throwing
 + Level 8.4 Armour
 + Level 6.1 Dodging
 + Level 1.7 Stealth
 + Level 1.1 Evocations


You had 14 spell levels left.
You didn't know any spells.
Your spell library contained the following spells:

 Spells                   Type           Power        Failure   Level  Hunger
 Animate Skeleton         Necr           N/A          73%         1    ##.....
 Apportation              Tloc           #.....       73%         1    ##.....
 Beastly Appendage        Tmut           #.....       73%         1    ##.....
 Confusing Touch          Hex            #.....       73%         1    ##.....
 Corona                   Hex            #......      73%         1    ##.....
 Flame Tongue             Conj/Fire      #....        73%         1    ##.....
 Freeze                   Ice            #...         73%         1    ##.....
 Infusion                 Chrm           #...         73%         1    ##.....
 Shock                    Conj/Air       #...         73%         1    ##.....
 Summon Butterflies       Summ           #.......     73%         1    ##.....
 Summon Small Mammal      Summ           #...         73%         1    ##.....
 Call Imp                 Summ           #.......     86%         2    ###....
 Shroud of Golubria       Chrm/Tloc      #.....       86%         2    ###....
 Slow                     Hex            #.......     86%         2    ###....
 Song of Slaying          Chrm           #.......     86%         2    ###....
 Sticks to Snakes         Tmut           #.......     86%         2    ###....
 Swiftness                Chrm/Air       #.......     86%         2    ###....
 Throw Flame              Conj/Fire      #.....       86%         2    ###....
 Throw Frost              Conj/Ice       #.....       86%         2    ###....
 Call Canine Familiar     Summ           #.......     97%         3    ####...
 Confuse                  Hex            #.......     97%         3    ####...
 Conjure Flame            Conj/Fire      #.......     97%         3    ####...
 Gell's Gravitas          Tloc           #.........   97%         3    ####...
 Inner Flame              Hex/Fire       #.......     97%         3    ####...
 Lesser Beckoning         Tloc           #.........   97%         3    ####...
 Ozocubu's Armour         Chrm/Ice       #.......     97%         3    ####...
 Portal Projectile        Hex/Tloc       #.....       97%         3    ####...
 Recall                   Summ/Tloc      N/A          97%         3    ####...
 Regeneration             Chrm/Necr      #.........   97%         3    ####...
 Spectral Weapon          Hex/Chrm       #.......     97%         3    ####...
 Spider Form              Tmut/Pois      #.........   97%         3    ####...
 Static Discharge         Conj/Air       #.......     97%         3    ####...
 Summon Guardian Golem    Hex/Summ       #.......     97%         3    ####...
 Tukima's Dance           Hex            #.......     97%         3    ####...
 Airstrike                Air            #.........   100%        4    #####..
 Cause Fear               Hex            #.........   100%        4    #####..
 Ice Form                 Ice/Tmut       #.......     100%        4    #####..
 Leda's Liquefaction      Hex/Erth       #.........   100%        4    #####..
 Petrify                  Tmut/Erth      #.......     100%        4    #####..
 Sticky Flame             Conj/Fire      #.......     100%        4    #####..
 Summon Ice Beast         Ice/Summ       #.......     100%        4    #####..
 Summon Lightning Spire   Summ/Air       #.......     100%        4    #####..
 Throw Icicle             Conj/Ice       #.......     100%        4    #####..
 Alistair's Intoxication  Tmut/Pois      #.......     100%        5    ######.
 Aura of Abjuration       Summ           #.........   100%        5    ######.
 Blade Hands              Tmut           #.........   100%        5    ######.
 Fireball                 Conj/Fire      #.........   100%        5    ######.
 Lightning Bolt           Conj/Air       #.........   100%        5    ######.
 Metabolic Englaciation   Hex/Ice        #.........   100%        5    ######.
 Summon Demon             Summ           #.........   100%        5    ######.
 Summon Forest            Summ/Tloc      #.........   100%        5    ######.
 Summon Mana Viper        Hex/Summ       #.......     100%        5    ######.
 Yara's Violent Unravell  Hex/Tmut       #.........   100%        5    ######.
 Invisibility             Hex            #.......     100%        6    #######
 Shadow Creatures         Summ           N/A          100%        6    #######


Dungeon Overview and Level Annotations

Branches:
Dungeon (15/15)            Temple (1/1) D:5            Lair (6/6) D:11
  Swamp (0/4) Lair:3       Spider (0/4) Lair:3        Slime (0/5) Lair:6
    Orc (2/2) D:9          Vaults (0/5) D:13         Depths (0/5) D:15
    Elf: Orc:2

Altars:
Ashenzari
Dithmenos
Elyvilon
Fedhas
Hepliaklqana
Kikubaaqudgha
Makhleb
Okawaru
Ru
Sif Muna
Trog
Vehumet
Yredelemnul
The Shining One
Beogh

Shops:
D:4 (   D:6 *?}:   D:11 [   D:13 *

Annotations:
D:11 3 runed translucent doors, Ofeo's ghost, journeyman DDFi


Innate Abilities, Weirdness & Mutations

You are too large for most types of armour.
You have claws for hands.
Your metabolism is lightning-fast.
You like to eat raw meat.
Your natural rate of healing is unusually fast.
You are covered in fur. (AC +1)
You have extremely tough skin. (AC +3)


Message History

You are more poisoned.
Unknown command.
Okay, then.
Unknown command.
Blink to where?
Press: ? - help, Dir - move target cursor
As you read the scroll of blinking, it crumbles to dust.
An orc and a troll come into view.
* * * LOW HITPOINT WARNING * * *
You feel very sick.
The orc wizard shouts! x2; The orc shouts! x2; The orc priest shouts! x2
The troll shouts!
The orc shouts!
You hear a shout! x2
The orc wizard looks encouraged for a moment.
* * * LOW HITPOINT WARNING * * *
You feel very sick.
The orc priest calls down the wrath of Beogh upon you.
Beogh smites you!
* * * LOW HITPOINT WARNING * * *
Unknown command.
You die...

### ##.## #§oo#
##)### ###.#.####
#####.o....#.##
###.#...o..o....#
###............#@##
.#........o..o###$#
..#..o....T....# ..#
.#...o....#.o.....##
..........o..o....#
..........#o.o.#.#.
.....#..........#..
#.
...............$#$.
#. .
........>.........
#. .#


You could see an orc warrior (fleeing) and 2 orcs.

Vanquished Creatures
  Jorgrun (D:13)
  Gastronok (D:12)
  Kirke (D:12)
  Azrael (D:13)
  Josephine (D:13)
  Fannar (Orc:1)
  A yaktaur captain (D:15)
  8 hydras
  Erolcha (D:9)
  5 centaur warriors
  2 catoblepae
  A merfolk avatar (Lair:6)
  4 two-headed ogres
  2 death knights
  Erica (D:11)
  4 death yaks (Lair:4)
  An orc high priest (Orc:1)
  Urug (D:13)
  3 skeletal warriors
  A sea snake (Lair:6)
  An unseen horror (D:13)
  2 phantasmal warriors
  2 orc knights
  2 deep elf magi (D:14)
  3 manticores
  3 oklob plants
  12 ugly things
  A cyclops (D:15)
  2 centaur zombies (D:11)
  18 elephants
  16 spiny frogs
  5 black mambas
  Psyche (D:10)
  A gargoyle (D:15)
  3 kobold demonologists
  4 rime drakes
  A yaktaur (D:15)
  2 freezing wraiths (D:14)
  9 komodo dragons
  2 tengu conjurers (D:14)
  3 meliai (D:15)
  5 trolls
  A polar bear (Lair:6)
  Prince Ribbit (D:9)
  7 slime creatures
  8 hornets
  10 blink frogs
  5 dream sheep (Lair:6)
  6 hippogriffs
  Sigmund (D:2)
  A shadow (D:13)
  5 wyverns
  A vampire (D:12)
  32 yaks
  5 fire elementals (D:13)
  2 hogs (D:12)
  A hungry ghost (D:13)
  4 wraiths
  A basilisk (D:11)
  Eustachio (D:3)
  5 vampire mosquitoes
  A warg (D:9)
  5 swamp worms (Lair:3)
  A hell hound (D:13)
  A soldier ant (D:13)
  8 water moccasins
  10 porcupines
  6 sky beasts
  6 ice beasts
  21 orc warriors
  4 black bears
  4 phantoms
  A necrophage (D:13)
  A boggart (D:13)
  3 ogres (D:12)
  3 wolves (Lair:1)
  22 centaurs
  14 crocodiles
  The ghost of kalagan the Digger, an amateur GrEE (D:3)
  6 big kobolds
  11 bullfrogs
  A gnoll sergeant (D:8)
  2 wyvern skeletons
  A wyvern zombie (D:14)
  10 scorpions
  9 killer bees
  2 troll zombies (D:9)
  9 wights
  2 electric eels
  3 howler monkeys (D:7)
  4 crimson imps
  4 quasits
  3 bullfrog zombies
  3 hounds
  10 orc priests
  3 bullfrog skeletons
  5 centaur skeletons
  7 jellies
  4 iguanas
  16 orc wizards
  5 worker ants
  A killer bee zombie (D:10)
  6 ogre zombies (D:9)
  2 hound skeletons
  A howler monkey zombie (D:7)
  2 worker ant zombies
  7 gnolls
  14 adders
  4 shadow imps
  6 oozes
  An adder zombie (D:7)
  4 worms
  3 dart slugs
  6 leopard geckos
  68 orcs
  4 giant cockroaches
  5 hobgoblins
  31 kobolds
  6 quokkas
  10 bats
  5 frilled lizards
  12 goblins
  4 goblin skeletons (D:9)
  A goblin zombie (D:9)
  A hobgoblin skeleton (D:9)
  7 hobgoblin zombies (D:9)
  A jackal zombie (D:5)
  A leopard gecko skeleton (D:5)
  An orc skeleton (D:9)
  11 orc zombies (D:9)
  2 quokka skeletons
  9 rats
  A plant (Lair:1)
705 creatures vanquished.

Vanquished Creatures (collateral kills)
  5 orc warriors (Orc:1)
  4 orc wizards (Orc:1)
  5 orcs (Orc:1)
14 creatures vanquished.

Vanquished Creatures (others)
  A human (D:12)
  3 orcs (D:12)
  13 bushes (Lair:6)
  17 fungi
  8 plants
42 creatures vanquished.

Grand Total: 761 creatures vanquished

Notes
Turn   | Place    | Note
-------+----------+-------------------------------------------
     0 | D:1      | McKennaii the Troll Monk began the quest for the Orb.
     0 | D:1      | Reached XP level 1. HP: 22/22 MP: 0/0
   148 | D:1      | Reached skill level 3 in Maces & Flails
   148 | D:1      | Reached XP level 2. HP: 26/29 MP: 1/1
   629 | D:1      | Reached XP level 3. HP: 36/36 MP: 2/2
   907 | D:2      | Found a radiant altar of Vehumet.
  1172 | D:2      | Reached skill level 4 in Maces & Flails
  1294 | D:2      | Reached XP level 4. HP: 44/44 MP: 3/3
  1318 | D:2      | Noticed Sigmund
  1691 | D:2      | Found a faded altar of an unknown god.
  1934 | D:2      | Killed Sigmund
  1934 | D:2      | Reached skill level 5 in Maces & Flails
  1934 | D:2      | Reached XP level 5. HP: 38/53 MP: 4/4
  1934 | D:2      | Reached XP level 6. HP: 44/61 MP: 5/5
  2316 | D:3      | Found a runed translucent gate.
  2317 | D:3      | Found a runed translucent gate.
  2318 | D:3      | Found a runed translucent gate.
  2319 | D:3      | Noticed kalagan's ghost (amateur GrEE)
  2838 | D:4      | Noticed Eustachio
  2840 | D:4      | Found a basalt altar of Yredelemnul.
  3007 | D:3      | Killed Eustachio
  3007 | D:3      | Reached skill level 6 in Maces & Flails
  3007 | D:3      | Reached skill level 1 in Armour
  3007 | D:3      | Reached XP level 7. HP: 61/68 MP: 6/6
  3111 | D:4      | Found Lumiruy's Weapon Shoppe.
  3231 | D:5      | Entered Level 5 of the Dungeon
  3429 | D:5      | Reached skill level 7 in Maces & Flails
  3429 | D:5      | Reached XP level 8. HP: 75/78 MP: 7/7
  3513 | D:5      | Found a staircase to the Ecumenical Temple.
  3519 | Temple   | Entered the Ecumenical Temple
  3543 | Temple   | Became a worshipper of Warmaster Okawaru
  3543 | Temple   | Reached * piety under Okawaru
  3543 | Temple   | Reached ** piety under Okawaru
  4087 | D:6      | Found Toeq's Magic Scroll Shoppe.
  4090 | D:6      | Found Kimure's General Store.
  4097 | D:6      | Bought a scroll of teleportation for 42 gold pieces
  4097 | D:6      | Bought a scroll of summoning for 133 gold pieces
  4120 | D:6      | Found Wieff's Gadget Shoppe.
  4164 | D:6      | Reached skill level 8 in Maces & Flails
  4305 | D:6      | Found Gotiti's Book Boutique.
  4328 | D:6      | Found a hazy altar of Hepliaklqana.
  4945 | D:7      | You fall into a shaft and drop 3 floors!
  4945 | D:10     | Entered Level 10 of the Dungeon
  4945 | D:10     | Noticed Psyche
  4952 | D:10     | Killed Psyche
  4952 | D:10     | Reached *** piety under Okawaru
  4952 | D:10     | Reached skill level 9 in Maces & Flails
  4952 | D:10     | Reached XP level 9. HP: 85/85 MP: 8/8
  5176 | D:9      | Found a burning altar of Makhleb.
  5277 | D:10     | HP: 3/85 [killer bee (2)]
  5299 | D:10     | HP: 3/85 [killer bee (6)]
  5476 | D:8      | Reached skill level 10 in Maces & Flails
  5518 | D:8      | Reached **** piety under Okawaru
  6567 | D:7      | Found a shimmering blue altar of Sif Muna.
  6592 | D:7      | Reached XP level 10. HP: 91/94 MP: 9/9
  6874 | D:7      | Found a sacrificial altar of Ru.
  6998 | D:8      | Reached skill level 11 in Maces & Flails
  7081 | D:8      | Reached skill level 5 in Fighting
  7149 | D:8      | Reached ***** piety under Okawaru
  7647 | D:8      | Noticed a two-headed ogre
  7656 | D:8      | Killed a two-headed ogre
  7656 | D:8      | Received a gift from Okawaru
  7656 | D:8      | Reached skill level 5 in Armour
  7741 | D:8      | Got a crystal giant club {god gift}
  7742 | D:8      | Identified the +6 giant club of the King {drain, rPois MR-
                  | Dex+5} (Okawaru gifted it to you on level 8 of the Dungeon)
  7958 | D:9      | Noticed Erolcha
  7965 | D:9      | Killed Erolcha
  7965 | D:9      | Reached skill level 12 in Maces & Flails
  7965 | D:9      | Reached skill level 1 in Evocations
  8070 | D:9      | Noticed Prince Ribbit
  8094 | D:9      | Killed Prince Ribbit
  8117 | D:9      | Found a staircase to the Orcish Mines.
  8309 | D:9      | Reached XP level 11. HP: 101/104 MP: 10/10
  8871 | D:11     | Noticed a brown ugly thing
  8879 | D:11     | Killed a brown ugly thing
  9040 | D:11     | Found a runed translucent gate.
  9041 | D:11     | Found a runed translucent gate.
  9041 | D:11     | Found a runed translucent gate.
  9046 | D:11     | Noticed Erica
  9065 | D:11     | Killed Erica
  9065 | D:11     | Reached skill level 13 in Maces & Flails
  9072 | D:11     | Received a gift from Okawaru
  9076 | D:11     | Got a slimy large shield {god gift}
  9169 | D:11     | Found a staircase to the Lair.
  9188 | D:11     | Noticed Ofeo's ghost (journeyman DDFi)
  9316 | D:11     | Found Qoamuost's Antique Armour Shoppe.
  9373 | D:11     | Noticed a red ugly thing
  9382 | D:11     | Killed a red ugly thing
  9806 | D:3      | Killed kalagan's ghost
 10179 | D:12     | Noticed a two-headed ogre
 10181 | D:12     | Killed a two-headed ogre
 10282 | D:12     | Reached skill level 14 in Maces & Flails
 10291 | D:12     | Noticed Kirke
 10299 | D:12     | Killed Kirke
 10299 | D:12     | Reached skill level 5 in Dodging
 10299 | D:12     | Reached XP level 12. HP: 107/115 MP: 11/11
 10305 | D:12     | Reached ****** piety under Okawaru
 11032 | D:12     | Noticed Gastronok
 11048 | D:12     | Killed Gastronok
 11048 | D:12     | Received a gift from Okawaru
 11048 | D:12     | Reached skill level 15 in Maces & Flails
 11230 | D:12     | Noticed a death knight
 11288 | Lair:1   | Entered Level 1 of the Lair of Beasts
 11671 | Lair:1   | Received a gift from Okawaru
 12085 | Lair:2   | Noticed a catoblepas
 12098 | Lair:2   | Killed a catoblepas
 12098 | Lair:2   | Reached skill level 1 in Throwing
 12703 | Lair:2   | Noticed a seven-headed hydra
 12713 | Lair:2   | Killed a seven-headed hydra
 12713 | Lair:2   | Reached XP level 13. HP: 64/124 MP: 12/12
 13510 | Lair:3   | Received a gift from Okawaru
 13566 | Lair:3   | Found a hole to the Spider Nest.
 13845 | Lair:3   | Reached skill level 16 in Maces & Flails
 14001 | Lair:3   | Found a staircase to the Swamp.
 14622 | Lair:4   | Received a gift from Okawaru
 14625 | Lair:4   | Got a blackened giant spiked club {god gift}
 14626 | Lair:4   | Identified the +4 giant spiked club of Valour {crush,
                  | *Contam MR++ Str+4 SInv} (Okawaru gifted it to you on level
                  | 4 of the Lair of Beasts)
 14736 | Lair:4   | Found a gate leading to a gauntlet.
 15650 | Lair:5   | Received a gift from Okawaru
 15964 | Lair:5   | Received a gift from Okawaru
 15973 | Lair:5   | Identified the +1 large shield of the Hunter {MR+} (Okawaru
                  | gifted it to you on level 11 of the Dungeon)
 15986 | Lair:5   | Identified 2 scrolls of acquirement
 16288 | Lair:6   | Entered Level 6 of the Lair of Beasts
 16561 | Lair:6   | Received a gift from Okawaru
 16661 | Lair:6   | Reached skill level 17 in Maces & Flails
 16872 | Lair:6   | Reached XP level 14. HP: 131/136 MP: 13/13
 17042 | Lair:6   | Received a gift from Okawaru
 17057 | Lair:6   | HP: 4/137 [poisoned by a sea snake]
 17068 | Lair:6   | HP: 2/137 [yak (5)]
 17833 | Lair:6   | Found a staircase to the Slime Pits.
 17982 | Lair:6   | Found a shimmering blue altar of Sif Muna.
 18390 | D:11     | Got a bound jade ring
 18392 | D:11     | Identified the ring of the Failed Coup {*Drain rF+++ rN+++
                  | MR- MP+9} (You acquired it on level 11 of the Dungeon)
 18791 | D:13     | Found a white marble altar of Elyvilon.
 18980 | D:13     | Reached skill level 5 in Throwing
 19089 | D:13     | Reached skill level 18 in Maces & Flails
 19253 | D:13     | Received a gift from Okawaru
 19254 | D:13     | Noticed Azrael
 19450 | D:13     | Noticed Jorgrun
 19461 | D:13     | Killed Jorgrun
 19641 | D:13     | Found Zeobog's General Store.
 19645 | D:13     | Bought a scroll of summoning for 180 gold pieces
 19645 | D:13     | Bought a scroll of identify for 38 gold pieces
 19721 | D:13     | Found a gate to the Vaults.
 19801 | D:13     | Killed Azrael
 19801 | D:13     | Received a gift from Okawaru
 20208 | D:13     | Noticed Urug
 20224 | D:13     | Killed Urug
 20504 | D:14     | Noticed Josephine
 20505 | D:14     | Reached XP level 15. HP: 146/146 MP: 14/14
 20516 | D:13     | Killed Josephine
 21974 | D:15     | Entered Level 15 of the Dungeon
 22143 | D:15     | Found a staircase to the Depths.
 22281 | D:15     | Reached skill level 19 in Maces & Flails
 22415 | D:15     | Received a gift from Okawaru
 23118 | Orc:1    | Entered Level 1 of the Orcish Mines
 23307 | Orc:1    | Noticed Fannar
 23319 | Orc:1    | Killed Fannar
 23376 | Orc:1    | Found a roughly hewn altar of Beogh.
 23481 | Orc:2    | Entered Level 2 of the Orcish Mines
 23566 | Orc:1    | Noticed an orc warlord
 23600 | Orc:1    | HP: 6/148 [poisoned by an orc warlord]
 23600 | Orc:1    | HP: 1/148 [orc priest/divine providence (5)]
 23601 | Orc:1    | Succumbed to an orc warlord's poison

Levels and vault maps discovered:
D:1:      minmay_arrival_wavy_path, layout_basic, grunt_decor_arrowhead
D:2:      layout_basic, old_standard_altar, serial_curves, eino_curves_02,
          eino_curves_02, chequers_ecumenical_altar_simple_redux,
          chequers_serial_rivers_micro_b, uniq_sigmund
D:3:      layout_loops_cross, gammafunk_ghost_nasty_kobolds
D:4:      layout_rooms, yredelemnul_altar_generic, serial_shops, shop,
          first_ration, uniq_eustachio
D:5:      layout_basic, temple_green, bh_walls_and_bars
D:6:      minmay_spotlight, layout_basic, nicolae_overflow_crystal_walls,
          serial_shops, shop_scrolls, shop, shop, kennysheep_mini,
          minmay_misc_feat_nine_boxes
D:7:      black_bear_nest_2, layout_loops_ring, nicolae_overflow_hidden_temple,
          nicolae_ru_sacrificial_ziggurat
D:8:      layout_basic
D:9:      layout_rooms, bloody_makhleb, zombieorc2_lemuel,
          hangedman_little_slice_of_home, uniq_erolcha, uniq_prince_ribbit1
D:10:     layout_roguey, minmay_crystal_water,
          minmay_fractal_squares_diagonal_5, uniq_psyche
D:11:     layout_roguey, grunt_lair_entry_orc_guard_hut, gammafunk_ghost_icy,
          serial_shops, shop, serial_glass, glass_columns_c, glass_columns_c,
          uniq_erica
D:12:     layout_layer_cave, special_room [special_room_orc], uniq_kirke,
          uniq_gastronok
D:13:     layout_stronghold, hangedman_vaults_entry_quadrant_bands, basic_altar,
          serial_shops, shop, uniq_jorgrun, uniq_azrael, uniq_urug
D:14:     layout_basic, serial_corexii_hall, corexii_hall_statues_i,
          corexii_hall_statues_t, uniq_josephine
D:15:     grunt_enter_depths_snipers, layout_gridville
Temple:   eino_temple_scatter_basement
Lair:1:   layout_long_grid, chequers_serial_rivers_micro_e, grunt_megastairs_2,
          serial_bayou_shore_b, minmay_lair_oklob_chamber
Lair:2:   layout_small_grid
Lair:3:   layout_cave_pods, nicolae_swamp_entry_splash_gauntlet,
          spider_nest_entry_web_field, grunt_megastairs_4
Lair:4:   layout_long_grid, gauntlet_entry_generic
Lair:5:   layout_loops_ring, serial_bayou_shore_b, grunt_megastairs_5
Lair:6:   gammafunk_lair_ancient_temple, layout_regular_city,
          minmay_slime_entry_oklob_open, basic_altar, minmay_hedge_maze,
          bh_autumn_forest_stairs, serial_bayou_crossing
Orc:1:    layout_caves, basic_altar, uniq_fannar
Orc:2:    grunt_orc_tribal_feast, layout_diamond_mine, enter_volcano_2

Skill      XL: |  1  2  3  4  5  6  7  8  9 10 11 12 13 14 15 |
---------------+----------------------------------------------+-----
Maces & Flails | 3 4 5 6 7 9 10 12 14 15 17 18 19 | 19.2
Fighting       | 3 4 5 6 7 8 9 |  9.5
Dodging        | 3 4 5 6 |  6.1
Armour         | 1 2 3 4 5 6 7 8 |  8.4
Evocations     | 1 |  1.1
Throwing       | 1 4 5 |  5.2
Stealth        | |  1.7

Action                   |  1- 3 |  4- 6 |  7- 9 | 10-12 | 13-15 || total
-------------------------+-------+-------+-------+-------+-------++-------
Melee: Mace              |   140 |    23 |       |       |       ||   163
       Flail             |       |   149 |   178 |       |       ||   327
       Morningstar       |       |       |   393 |   194 |       ||   587
       Giant club        |       |       |       |   549 |    63 ||   612
       Giant spiked club |       |       |       |       |   797 ||   797
Throw: Stone             |       |       |       |    10 |    34 ||    44
Invok: Heroism           |       |       |       |       |     5 ||     5
Evoke: Wand              |       |       |     4 |    16 |     4 ||    24
  Use: Scroll            |       |       |     2 |     2 |    38 ||    42
       Potion            |       |       |     2 |       |     9 ||    11
 Stab: Sleeping          |     2 |       |       |       |       ||     2
       Petrified         |       |       |       |     1 |       ||     1
  Eat: Chunk             |    12 |    21 |    32 |    58 |   103 ||   226
       Ration            |       |       |       |       |     1 ||     1
Armor: Robe              |    90 |    24 |       |       |       ||   114
       Ice dragon scales |       |   185 |   436 |   444 |   670 ||  1735
Dodge: Dodged            |    90 |   158 |   294 |   428 |   632 ||  1602
